 Dungeon Crawl Stone Soup version 0.17-a0-1115-g0372368 (console) character file.

48 Monkaria the Skirmisher (level 3, -3/30 HPs)
             Began as a Demonspawn Chaos Knight on May 23, 2015.
             Slain by an iguana (10 damage)
             ... led by Robin
             ... on level 2 of the Dungeon.
             The game lasted 00:01:31 (662 turns).

Monkaria the Skirmisher (Demonspawn Chaos Knight)    Turns: 662, Time: 00:01:31

Health: -3/30      AC:  5    Str: 13    XL:     3   Next: 50%
Magic:  3/3        EV: 11    Int: 13    God:    Xom [.....*]
Gold:   50         SH:  0    Dex: 12    Spells: 0 memorised, 2 levels left

rFire  . . .     SeeInvis .     a - +0 falchion (chaos)
rCold  . . .     Clarity  .     b - +2 leather armour
rNeg   . . .     SustAt   .     (no shield)
rPois  .         Gourm    .     (no helmet)
rElec  .         Spirit   .     (no cloak)
rCorr  .         Warding  .     (no gloves)
rMut   .         Stasis   .     (no boots)
MR     .....                    (no amulet)
Stlth  +.........               (no ring)
                                (no ring)

@: very slightly contaminated, hasted, very quick, not resistant to hostile
enchantments, very unstealthy
A: powered by death 1
a: Renounce Religion


You were on level 2 of the Dungeon.
You worshipped Xom.
You were Xom's teddy bear.
You were not hungry.

You visited 1 branch of the dungeon, and saw 2 of its levels.

You collected 50 gold pieces.

Inventory:

Hand weapons
 a - a +0 falchion of chaos (weapon)
Armour
 b - a +2 leather armour (worn)
Jewellery
 m - an uncursed ring of fire
Magical devices
 o - a wand of slowing (38)
Scrolls
 d - 2 scrolls of enchant armour {unknown}
 h - a scroll of identify {unknown}
 i - a scroll of magic mapping {unknown}
 k - a scroll of immolation {unknown}
 n - a scroll of remove curse {unknown}
Potions
 f - a potion of might {unknown}
 g - a potion of brilliance {unknown}
 l - a potion of cancellation {unknown}
Comestibles
 c - a bread ration
 j - a slice of pizza


   Skills:
 - Level 4.0 Fighting
 + Level 3.3 Long Blades
 - Level 1.7 Armour
 - Level 0.8 Dodging


You had 2 spell levels left.
You didn't know any spells.

Dungeon Overview and Level Annotations

Branches:
Dungeon (2/15)

Altars:
Cheibriados

Annotations:
D:2 Robin


Innate Abilities, Weirdness & Mutations

You can steal the life force of nearby defeated enemies.


Message History

You barely miss the iguana.
The iguana is heavily wounded.
The gnoll seems less confused.
The goblin hits you but does no damage.
The gnoll hits you with a halberd of freezing!
The gnoll freezes you.
* * * LOW HITPOINT WARNING * * *
The iguana misses you. The goblin misses you.
Unknown command.
Drink which item? (? for menu, Esc to quit)
It was a potion of haste.
You feel yourself speed up.
Xom roars with laughter!
The goblin misses you. The gnoll barely misses you.
The iguana bites you but does no damage.
The goblin hits you but does no damage.
You are very lightly contaminated with residual magic.
You hit the iguana. You burn the iguana.
The iguana is severely wounded.
The goblin hits you but does no damage. The iguana bites you!
You die...
Xom snickers!

.# .## ## ... .... #..
.... ...##. #.# ....
..##.##.##.#
.......##.##..#)#
....##..#..##.#.#
...####.##....#l######.#
.######..###...g@ggggrg#
.#######...#...g#####g.#
.#########†....####
.#########.).r....#
...†).............#
##########.#.......#
########...#..[#....#
########.###.#.#....g.
########.###.#..>..##.


You could see an iguana, Robin, a gnoll, a quokka, a hobgoblin (frenzied), 5
goblins and a rat.

Vanquished Creatures
  A gnoll (D:2)
  An ooze (D:1)
  A giant gecko (D:1)
  6 bats (D:1)
  5 hobgoblins
  3 jackals (D:1)
  2 kobolds
  2 giant newts (D:1)
  3 goblins
24 creatures vanquished.

Vanquished Creatures (collateral kills)
  A gnoll (D:2)
  A giant cockroach (D:2)
  A hobgoblin (D:2)
  A goblin (D:2)
4 creatures vanquished.

Grand Total: 28 creatures vanquished

Notes
Turn   | Place    | Note
--------------------------------------------------------------
     0 | D:1      | Monkaria the Demonspawn Chaos Knight began the quest for the Orb.
     0 | D:1      | Reached XP level 1. HP: 18/18 MP: 1/1
     2 | D:1      | Noticed a formicid
     2 | D:1      | Noticed a draconian
     4 | D:1      | Noticed a vampire
     6 | D:1      | Noticed a troll
     6 | D:1      | Noticed a centaur
     8 | D:1      | Noticed an ogre
     8 | D:1      | Noticed a felid
    10 | D:1      | Noticed a gargoyle
    10 | D:1      | Noticed a human
    11 | D:1      | XOM: harmless Erth miscast
    12 | D:1      | Noticed an octopode
    12 | D:1      | Noticed a vine stalker
    14 | D:1      | Noticed a tengu
    14 | D:1      | Noticed a dwarf
    16 | D:1      | Noticed a naga
    16 | D:1      | Noticed a demonspawn
    18 | D:1      | Noticed a spriggan
    20 | D:1      | Noticed a minotaur
    20 | D:1      | Noticed a ghoul
    22 | D:1      | Noticed an elf
    24 | D:1      | Noticed a demigod
    26 | D:1      | Noticed a merfolk
   170 | D:1      | XOM: potion effect (curing)
   171 | D:1      | Gained mutation: You can steal the life force of nearby defeated enemies. [demonic ancestry]
   171 | D:1      | Reached XP level 2. HP: 24/24 MP: 2/2
   217 | D:1      | XOM: cast spell 'Beastly Appendage'
   249 | D:1      | Reached skill level 4 in Fighting
   351 | D:1      | XOM: vitrification
   476 | D:1      | XOM: god gift: garnet ring {god gift}
   597 | D:2      | Found a snail-covered altar of Cheibriados.
   600 | D:2      | XOM: vitrification
   618 | D:2      | Reached XP level 3. HP: 30/30 MP: 3/3
   635 | D:2      | XOM: confuse monster(s)
   655 | D:2      | Noticed Robin
   662 | D:2      | Slain by an iguana

Vault maps used:
D:1:      kb_arrival_jail
D:2:      okawaru_ov_weapons_minmay, grunt_temple_overflow_open,
          cheibriados_altar_wand_db, uniq_robin, uniq_iyjb

Action                   || total
-------------------------++-------
Melee: Falchion          ||    91
  Use: Potion            ||     1
